AoeStats
← .ebz

Arena

505398107Analyzed
4v4 RM · 24d ago on Sep 9, 2026· 73m 29s· 8 players
Game mode
Random Map
Map size
Large (8 player)
Population
200
Speed
Normal
Resources
Standard
Victory
Conquest
Starting age
Dark Age
Ending age
Imperial Age
RankedLock teamsTeams togetherTeam positionsShared explorationLock speedFull tech treeHidden civsTurbo modeCheats
Victory
Defeat
1192
+15
🇫🇷 Bohemians · France
1170
+16
🇨🇿 Vietnamese · Czechia
1143
+17
🇵🇱 Bulgarians · Poland
1108
+19
🇲🇽 Vikings · Mexico
1251
-21
🇭🇰 Khmer · Hong Kong SAR China
1154
-16
🇹🇼 Burgundians · Taiwan
1136
-15
🇦🇺 Poles · Australia
1131
-15
Wolfran
10:46 Feudal Age
14:36 Castle Age
13:18 Double-Bit Axe
17:27 Fervor
23:02 Bow Saw
22:48 Horse Collar
23:46 Loom
24:38 Wheelbarrow
23:50 Town Watch
25:16 Heavy Plow
25:21 Scale Mail Armor
26:09 Hand Cart
26:21 Squires
25:42 Pikeman
30:05 Imperial Age
29:29 Arson
30:29 Town Patrol
30:47 Chain Mail Armor
30:42 Forging
31:35 Chemistry
30:55 Ballistics
30:17 Treadmill Crane
30:34 Murder Holes
30:42 Halberdier
33:16 Two-Man Saw
32:55 Plate Mail Armor
33:00 Iron Casting
32:06 Houfnice
33:28 Fletching
33:46 Siege Engineers
35:13 Blast Furnace
35:05 Conscription
35:37 Padded Archer Armor
35:33 Bodkin Arrow
36:04 Guilds
37:14 Wagenburg Tactics
42:18 Sanctity
43:42 Wagenburg Tactics
43:48 Sappers
44:26 Hussite Reforms
44:59 Elite Skirmisher
46:17 Imperial Skirmisher
47:49 Leather Archer Armor
47:35 Bracer
47:48 Masonry
47:48 Fortified Wall
50:56 Ring Archer Armor
50:31 Herbal Medicine
51:12 Theocracy
51:04 Illumination
50:57 Block Printing
50:43 Devotion
50:53 Redemption
50:43 Atonement
62:08 Faith
64:11 Elite Hussite Wagon
69:20 Architecture
68:36 Arrowslits
69:14 Bombard Tower
.ebz
9:01 Loom
11:24 Feudal Age
15:14 Castle Age
13:56 Double-Bit Axe
13:54 Horse Collar
14:44 Fletching
24:05 Bodkin Arrow
26:54 Wheelbarrow
26:04 Town Watch
27:03 Town Watch
37:05 Ballistics
36:56 Masonry
36:42 Murder Holes
38:15 Hand Cart
45:55 Scale Barding Armor
46:00 Forging
52:49 Imperial Age
50:42 Heavy Plow
50:55 Bow Saw
51:58 Chain Barding Armor
51:37 Gold Mining
51:37 Stone Mining
52:44 Scale Mail Armor
52:59 Capped Ram
54:04 Squires
53:25 Pikeman
54:28 Gambesons
54:19 Siege Ram
55:49 Gold Shaft Mining
55:49 Stone Shaft Mining
56:41 Chain Mail Armor
57:31 Iron Casting
58:31 Plate Mail Armor
58:35 Conscription
59:59 Blast Furnace
59:39 Crop Rotation
60:50 Bagains
63:12 Bracer
64:16 Chemistry
63:47 Architecture
63:22 Siege Engineers
68:21 Halberdier
CzechNoris
10:55 Feudal Age
12:22 Loom
15:26 Castle Age
16:11 Double-Bit Axe
17:31 Stone Mining
23:59 Gold Mining
24:26 Bow Saw
24:34 Fletching
26:21 Wheelbarrow
25:33 Horse Collar
26:41 Heavy Plow
26:37 Gold Mining
28:13 Stone Shaft Mining
28:14 Hand Cart
32:35 Imperial Age
29:51 Town Watch
30:09 Bodkin Arrow
31:19 Padded Archer Armor
33:20 Stone Shaft Mining
33:14 Town Patrol
32:44 Elite Rattan Archer
34:17 Paper Money
35:01 Ballistics
35:42 Chemistry
34:48 Siege Engineers
34:23 Treadmill Crane
35:30 Pikeman
37:35 Bracer
37:50 Leather Archer Armor
38:29 Leather Archer Armor
40:30 Elite Fire Lancer
43:05 Two-Man Saw
42:36 Crop Rotation
我的农田我的矿
10:40 Feudal Age
14:55 Castle Age
13:05 Double-Bit Axe
13:27 Horse Collar
16:40 Heavy Plow
21:07 Bow Saw
25:52 Loom
26:40 Gold Mining
29:58 Imperial Age
28:06 Wheelbarrow
28:56 Hand Cart
28:27 Town Watch
31:05 Conscription
30:16 Cavalier
31:42 Husbandry
31:53 Bloodlines
35:35 Crop Rotation
36:57 Gold Shaft Mining
35:57 Savar
37:51 Scale Barding Armor
37:57 Forging
38:52 Chain Barding Armor
39:08 Iron Casting
39:13 Stone Mining
41:36 Plate Barding Armor
42:02 Blast Furnace
42:18 Capped Ram
43:18 Kamandaran
43:35 Town Patrol
43:20 Siege Ram
44:09 Light Cavalry
44:58 Thumb Ring
44:13 Crossbowman
44:45 Fletching
44:56 Padded Archer Armor
45:18 Ballistics
45:59 Chemistry
46:24 Two-Man Saw
47:03 Leather Archer Armor
46:43 Bodkin Arrow
51:13 Hussar
60:38 Stone Shaft Mining
74:17 Guilds
74:37 Coinage
74:07 Caravan
master
3:05 Loom
10:52 Feudal Age
15:35 Castle Age
13:33 Horse Collar
13:59 Double-Bit Axe
15:50 Town Watch
16:44 Bow Saw
23:42 Fletching
25:18 Crossbowman
27:37 Bodkin Arrow
27:46 Heavy Plow
28:41 Padded Archer Armor
29:45 Leather Archer Armor
30:01 Fervor
32:36 Imperial Age
32:39 Arbalester
32:47 Capped Ram
34:50 Town Patrol
35:21 Bracer
35:00 Siege Ram
36:58 Chemistry
36:18 Ballistics
36:06 Gold Mining
36:07 Stone Mining
36:44 Ballistics
36:22 Murder Holes
37:21 Conscription
38:37 Ring Archer Armor
39:33 Fortified Wall
39:34 Masonry
41:45 Two-Man Saw
41:58 Gold Shaft Mining
42:39 Siege Engineers
43:04 Architecture
43:43 Scale Mail Armor
43:54 Forging
43:45 Squires
43:31 Gambesons
43:31 Arson
43:35 Gambesons
44:02 Caravan
44:34 Elite Berserk
45:24 Bogsveigar
46:01 Hoardings
45:48 Chain Mail Armor
46:08 Iron Casting
46:29 Treadmill Crane
48:07 Plate Mail Armor
47:34 Man-at-Arms
49:09 Chieftains
48:59 Long Swordsman
50:41 Blast Furnace
50:04 Two-Handed Swordsman
50:08 Pikeman
51:17 Champion
53:47 Coinage
54:05 Arrowslits
54:10 Guard Tower
55:21 Onager
58:24 Heavy Scorpion
58:32 Elite Skirmisher
68:20 Scale Barding Armor
68:39 Light Cavalry
69:41 Chain Barding Armor
asd40130069
6:19 Double-Bit Axe
10:31 Feudal Age
12:07 Loom
15:51 Castle Age
14:05 Bow Saw
17:35 Wheelbarrow
18:35 Horse Collar
20:10 Heavy Plow
21:20 Gold Mining
23:25 Husbandry
24:17 Scale Barding Armor
24:30 Forging
23:42 Cavalier
25:20 Hand Cart
26:58 Gold Shaft Mining
27:42 Iron Casting
34:03 Imperial Age
31:36 Stone Mining
32:19 Chain Barding Armor
32:59 Pikeman
33:25 Arson
33:40 Squires
33:43 Scale Mail Armor
34:08 Halberdier
36:44 Blast Furnace
35:17 Paladin
36:39 Plate Barding Armor
36:19 Chain Mail Armor
37:43 Masonry
37:43 Fortified Wall
38:01 Light Cavalry
39:38 Conscription
38:42 Elite Coustillier
40:17 Plate Mail Armor
40:21 Architecture
40:12 Ballistics
40:53 Chemistry
41:37 Burgundian Vineyards
47:09 Hussar
49:50 Fletching
50:00 Padded Archer Armor
50:26 Elite Skirmisher
51:02 Bodkin Arrow
51:26 Leather Archer Armor
53:14 Two-Man Saw
52:20 Bracer
虫
12:24 Feudal Age
15:47 Castle Age
13:46 Double-Bit Axe
13:51 Horse Collar
17:37 Bow Saw
20:14 Heavy Plow
20:29 Gold Mining
21:17 Wheelbarrow
20:28 Loom
31:51 Imperial Age
30:44 Gold Shaft Mining
29:59 Stone Mining
30:57 Husbandry
34:02 Bloodlines
34:09 Stone Mining
34:29 Scale Barding Armor
Vanilla Gorilla
10:29 Feudal Age
14:30 Castle Age
12:54 Double-Bit Axe
13:26 Horse Collar
15:36 Loom
19:13 Bow Saw
24:52 Heavy Plow
26:30 Wheelbarrow
26:18 Scale Barding Armor
27:37 Hand Cart
29:52 Chain Barding Armor
29:59 Gold Mining
33:40 Imperial Age
31:29 Bloodlines
31:21 Husbandry
31:46 Forging
33:19 Scale Mail Armor
33:34 Treadmill Crane
33:21 Man-at-Arms
34:03 Squires
34:36 Chain Mail Armor
34:49 Conscription
35:26 Iron Casting
34:14 Long Swordsman
34:40 Arson
34:46 Capped Ram
36:03 Plate Mail Armor
35:09 Two-Handed Swordsman
37:37 Blast Furnace
36:30 Siege Ram
37:54 Stone Mining
39:53 Stone Shaft Mining
40:19 Champion
41:41 Crop Rotation
40:58 Cavalier
42:30 Szlachta Privileges
56:44 Light Cavalry
63:21 Winged Hussar
66:03 Lechitic Legacy
Connection lost

Rejoining the realm…

Still unreachable

The connection could not be restored.

Session expired

The server has moved on; the page needs a fresh start.